 Dungeon Crawl Stone Soup version 0.27-a0-1442-g87b6fcb595 (webtiles) character file.

Game seed: 14407061976792095997

4435 Arzdou the Unseen (level 10, -4/46 HPs)
             Began as a Spriggan Enchanter on July 2, 2021.
             Was a Follower of Dithmenos.
             Killed from afar by an electric eel (7 damage)
             ... with a bolt of electricity
             ... on level 9 of the Dungeon on July 4, 2021.
             The game lasted 00:46:22 (15229 turns).

Arzdou the Unseen (Spriggan Enchanter)             Turns: 15229, Time: 00:46:22

Health: -4/46      AC:  6    Str:  4    XL:     10   Next: 14%
Magic:  18/21      EV: 19    Int: 20    God:    Dithmenos [*.....]
Gold:   496        SH:  5    Dex: 16    Spells: 12/22 levels left

rFire    . . .     SeeInvis +   a - +1 dagger
rCold    + . .     Faith    .   (shield restricted)
rNeg     . . .     Spirit   .   E - +0 steam dragon scales
rPois    .         Reflect  +   (helmet restricted)
rElec    .         Harm     .   z - +0 cloak
rCorr    .         Rampage  .   (gloves unavailable)
Will     +....                  (boots unavailable)
Stlth    +++++++...             F - amulet of reflection
HPRegen  0.15/turn              B - ring of protection from cold
MPRegen  0.17/turn              (no ring)

@: wreathed by umbra, very quick
A: very small, no large weapons, unfitting armour, see invisible, speed 3
a: Renounce Religion


You were on level 9 of the Dungeon.
You worshipped Dithmenos.
Dithmenos was aware of your devotion.
You visited 2 branches of the dungeon, and saw 10 of its levels.

You collected 496 gold pieces.

Inventory:

Hand Weapons
 a - a +1 dagger (weapon)
 b - a +0 hunting sling
 f - the +8 rapier "Touridgh" {vorpal, rPois rC++ Int-4 Stlth+}
   (You found it on level 5 of the Dungeon)

   It inflicts extra damage upon your enemies.
   Int:       It affects your intelligence (-4).
   rC:        It greatly protects you from cold.
   rPois:     It protects you from poison.
   Stlth:     It makes you more stealthy.
 u - a +0 dagger of flaming
 A - the +6 mace of the Pyrrhic Victory {vorpal, Dex+4}
   (You found it on level 6 of the Dungeon)

   It inflicts extra damage upon your enemies.
   Dex:       It affects your dexterity (+4).
 K - a +2 short sword
Missiles
 y - 4 boomerangs of dispersal
 J - 18 sling bullets
Armour
 z - a +0 cloak (worn)
 E - +0 steam dragon scales (worn)
 I - a +0 robe
Jewellery
 B - a ring of protection from cold (left hand)
 F - an amulet of reflection (around neck)
 G - an amulet of reflection
Wands
 o - a wand of iceblast (8)
 r - a wand of polymorph (21)
 D - a wand of charming (11)
Scrolls
 c - 2 scrolls of magic mapping {unknown}
 g - 3 scrolls of fog {unknown}
 h - 4 scrolls of amnesia {unknown}
 k - 2 scrolls of enchant armour {unknown}
 m - 5 scrolls of enchant weapon {unknown}
 n - 2 scrolls of fear {unknown}
 p - a scroll of noise {unknown}
 q - a scroll of holy word {unknown}
 s - 9 scrolls of teleportation {unknown}
 t - a scroll of blinking {unknown}
 v - 3 scrolls of identify
 x - a scroll of brand weapon {unknown}
 C - 2 scrolls of torment {unknown}
Potions
 e - a potion of attraction
 i - 4 potions of lignification
 j - 4 potions of curing {unknown}
 l - 2 potions of haste
 w - 2 potions of flight {unknown}
 H - a potion of cancellation {unknown}


   Skills:
 + Level 1.9 Fighting
 - Level 1.1 Short Blades
 + Level 4.9 Dodging
 * Level 15.7 Stealth
 + Level 6.8 Spellcasting
 + Level 9.6 Hexes
 * Level 3.7 Translocations
 - Level 0.2 Ice Magic
 + Level 0.1 Evocations


You had 12 spell levels left.
You knew the following spells:

 Your Spells              Type           Power      Damage    Failure   Level
a - Corona                Hex            50%        N/A       1%          1
b - Ensorcelled Hibernat  Hex/Ice        52%        N/A       1%          2
c - Confusing Touch       Hex            45%        N/A       1%          3
d - Apportation           Tloc           44%        N/A       1%          1
e - Tukima's Dance        Hex            45%        N/A       1%          3

Your spell library contained the following spells:

 Spells                   Type           Power      Damage    Failure   Level
 Slow                     Hex            45%        N/A       1%          2
 Portal Projectile        Hex/Tloc       66%        N/A       1%          3
 Dazzling Flash           Conj/Hex       52%        N/A       4%          3
 Inner Flame              Hex/Fire       26%        N/A       4%          3
 Gell's Gravitas          Tloc           11%        N/A       6%          3
 Teleport Other           Tloc           22%        N/A       6%          3
 Freeze                   Ice            32%        1d5       9%          1
 Animate Skeleton         Necr           12%        N/A       10%         1
 Summon Small Mammal      Summ           24%        N/A       10%         1
 Fulminant Prism          Conj/Hex       13%        3d9       13%         4
 Poisonous Vapours        Pois/Air       12%        N/A       14%         2
 Frozen Ramparts          Ice            16%        1d3       26%         3
 Ozocubu's Armour         Ice            8%         N/A       26%         3
 Conjure Flame            Conj/Fire      6%         6-21      28%         3
 Ignite Poison            Fire/Tmut/Pois 6%         N/A       28%         3
 Mephitic Cloud           Conj/Pois/Air  6%         N/A       28%         3
 Spider Form              Tmut/Pois      3%         N/A       28%         3
 Invisibility             Hex            22%        N/A       28%         6
 Silence                  Hex/Air        13%        N/A       36%         5
 Yara's Violent Unravell  Hex/Tmut       13%        3d7       36%         5
 Iskenderun's Mystic Bla  Conj/Tloc      14%        2d5       41%         4
 Hailstorm                Conj/Ice       7%         3d4       65%         4
 Sticky Flame             Conj/Fire      6%         2d3       67%         4
 Alistair's Intoxication  Tmut/Pois      4%         N/A       95%         5
 Blade Hands              Tmut           3%         N/A       95%         5
 Borgnjor's Vile Clutch   Necr/Erth      3%         N/A       95%         5
 Excruciating Wounds      Necr           3%         N/A       95%         5
 Freezing Cloud           Conj/Ice/Air   3%         6-21      95%         5
 Lee's Rapid Deconstruct  Erth           3%         3d6*      95%         5
 Dispersal                Tloc           11%        N/A       97%         6
 Eringya's Noxious Bog    Tmut/Pois      3%         N/A       100%        6
 Shadow Creatures         Summ           N/A        N/A       100%        6
 Ozocubu's Refrigeration  Ice            4%         4d5       100%        7


Dungeon Overview and Level Annotations

Branches:
Dungeon (9/15)             Temple (1/1) D:7            Lair (0/6) D:9
    Orc (0/2) D:9

Altars:
Ashenzari
Cheibriados
Dithmenos
Elyvilon
Fedhas
Gozag
Hepliaklqana
Kikubaaqudgha
Makhleb
Nemelex Xobeh
Okawaru
Qazlal
Ru
Sif Muna
Trog
Uskayaw
Vehumet
Wu Jian
Xom
Yredelemnul
Zin
The Shining One

Shops:
D:6 =


Innate Abilities, Weirdness & Mutations

You are very small and have problems with some larger weapons.
You are too small for most types of armour.
You have supernaturally acute eyesight. (SInv)
You cover ground extremely quickly. (Speed+++)


Message History

The electric eel shoots out a bolt of lightning at you!
The bolt of electricity hits the electric eel.
The electric eel completely resists.
The bolt of electricity hits you!
The electric eel shoots out a bolt of lightning at you!
The bolt of electricity hits you!
Casting: Ensorcelled Hibernation (safe; 1% risk of failure)
Confirm with . or Enter, or press ? or * to list all spells.
Aiming: Ensorcelled Hibernation (safe; 1% risk of failure)
Press: ? - help, Shift-Dir - straight line, f/p - electric eel
Aim: an electric eel (water, chance to affect: 64%)
The electric eel looks drowsy...
You are too injured to fight recklessly!
The electric eel shoots out a bolt of lightning at you!
The bolt of electricity hits you!
* * * LOW HITPOINT WARNING * * *
You are too injured to fight recklessly!
Okay, then.
You feel much better.
The electric eel shoots out a bolt of lightning at you!
The bolt of electricity misses you.
The electric eel shoots out a bolt of lightning at you!
The bolt of electricity hits you!
The electric eel shoots out a bolt of lightning at you!
The bolt of electricity hits you!
You feel much better.
The electric eel shoots out a bolt of lightning at you!
The bolt of electricity hits you!
The electric eel shoots out a bolt of lightning at you!
The bolt of electricity hits you.
The electric eel shoots out a bolt of lightning at you!
The bolt of electricity misses you.
The electric eel shoots out a bolt of lightning at you!
The bolt of electricity hits you!
* * * LOW HITPOINT WARNING * * *
The electric eel shoots out a bolt of lightning at you!
The bolt of electricity hits you!
* * * LOW HITPOINT WARNING * * *
The electric eel shoots out a bolt of lightning at you!
The bolt of electricity hits you!
You die...

≈.≈###≈.≈###≈....#.[.##
≈.≈≈≈≈≈.≈≈≈≈≈....##...#
.................##...##
≈.≈≈≈≈≈.≈≈≈≈≈....###...#
≈.≈###≈.≈###≈....#
#...## ≈.≈ #≈.≈# #≈....#
##...##
≈.≈###≈.≈###≈.####
##..(## ≈.≈≈≈≈≈.≈≈≈≈≈.#
##...# ..........@...#
##... ≈.≈≈≈≈≈.;≈≈≈≈.#
##.. ≈.≈###≈.≈###≈.# #..
≈.≈ #≈.≈# ≈.# ##. ≈.
#≈.≈# .# #. ≈≈≈.≈≈≈ ..
## ........... .# #
≈.;≈≈≈;.;≈≈≈≈..# ####
≈.≈###≈.≈###≈.. .....


You could see 2 electric eels.

Vanquished Creatures
  A deep elf pyromancer (D:8)
  A komodo dragon (D:9)
  A troll (D:9)
  Sigmund (D:5)
  2 wyverns (D:8)
  Eustachio (D:4)
  A steam dragon (D:7)
  Menkaure (D:6)
  An orc warrior (D:9)
  A sky beast (D:6)
  A necrophage (D:6)
  2 ogres (D:5)
  A centaur (D:8)
  A phantom (D:6)
  Blork the orc (D:4)
  A bullfrog (D:5)
  2 kobold brigands (D:8)
  2 gnoll sergeants
  2 scorpions
  A wyvern zombie (D:8)
  9 wights
  4 howler monkeys (D:9)
  An electric eel (D:9)
  2 orc priests
  Crazy Yiuf (D:6)
  A hound (D:6)
  A bullfrog skeleton (D:6)
  A centaur skeleton (D:5)
  Jessica (D:2)
  Ijyb (D:5)
  2 iguanas (D:6)
  6 orc wizards
  2 howler monkey zombies
  16 gnolls
  2 howler monkey skeletons
  6 adders
  A shadow imp (D:6)
  A worm (D:2)
  4 dart slugs
  20 orcs
  4 bats
  2 endoplasms
  A giant cockroach (D:4)
  10 goblins
  7 hobgoblins
  9 jackals
  5 quokkas
  7 ball pythons
  13 frilled lizards
  10 kobolds
  10 rats
185 creatures vanquished.

Vanquished Creatures (collateral kills)
  10 wights (D:8)
  2 orcs (D:9)
12 creatures vanquished.

Vanquished Creatures (others)
  2 dancing weapons (D:8)
  A kobold (D:8)
  8 plants
11 creatures vanquished.

Grand Total: 208 creatures vanquished

Notes
Turn   | Place    | Note
-------+----------+-------------------------------------------
     0 | D:1      | Arzdou the Spriggan Enchanter began the quest for the Orb.
     0 | D:1      | Reached XP level 1. HP: 9/9 MP: 5/5
   673 | D:1      | Reached XP level 2. HP: 4/13 MP: 4/6
   676 | D:1      | Learned a level 2 spell: Ensorcelled Hibernation
  1209 | D:1      | Reached skill level 5 in Stealth
  1876 | D:1      | Reached XP level 3. HP: 16/16 MP: 2/8
  2675 | D:2      | Found a faded altar of an unknown god.
  3336 | D:2      | Reached XP level 4. HP: 14/21 MP: 3/9
  3516 | D:2      | Noticed Jessica
  3523 | D:2      | Killed Jessica
  3524 | D:2      | Reached skill level 6 in Stealth
  4091 | D:3      | Reached XP level 5. HP: 16/25 MP: 3/11
  4813 | D:4      | Found an ornate altar of the Wu Jian Council.
  5114 | D:4      | Reached skill level 7 in Stealth
  5114 | D:4      | Reached skill level 5 in Hexes
  5136 | D:4      | Reached skill level 8 in Stealth
  5304 | D:4      | Noticed Blork the orc
  5576 | D:4      | Noticed Eustachio
  5744 | D:4      | Killed Eustachio
  5745 | D:4      | Reached XP level 6. HP: 29/29 MP: 9/12
  6321 | D:4      | Found an ornate altar of the Wu Jian Council.
  6767 | D:4      | Killed Blork the orc
  6768 | D:4      | Reached skill level 9 in Stealth
  7270 | D:5      | Entered Level 5 of the Dungeon
  7374 | D:5      | Noticed Ijyb
  7407 | D:5      | Killed Ijyb
  7426 | D:5      | Reached XP level 7. HP: 22/32 MP: 9/14
  7532 | D:5      | Learned a level 3 spell: Confusing Touch
  7991 | D:5      | Reached skill level 10 in Stealth
  8340 | D:5      | Identified the +8 rapier "Touridgh" {vorpal, rPois rC++
                  | Int-4 Stlth+}
  8544 | D:5      | Noticed Sigmund
  8549 | D:5      | Killed Sigmund
  8550 | D:5      | Reached skill level 11 in Stealth
  8550 | D:5      | Reached XP level 8. HP: 37/37 MP: 13/16
  9050 | D:6      | Got the Tome of Bewitchment
  9595 | D:6      | Reached skill level 1 in Fighting
  9595 | D:6      | Reached skill level 12 in Stealth
  9595 | D:6      | Found Barghewnu's Jewellery Emporium.
  9616 | D:6      | Found a runed translucent door.
  9617 | D:6      | Noticed Crazy Yiuf
  9653 | D:6      | Noticed Menkaure
  9685 | D:6      | Killed Menkaure
 10181 | D:6      | Found a glowing golden altar of the Shining One.
 10242 | D:6      | Reached skill level 13 in Stealth
 10592 | D:6      | Killed Crazy Yiuf
 10602 | D:6      | Identified the +6 mace of the Pyrrhic Victory {vorpal,
                  | Dex+4}
 10891 | D:7      | Found a staircase to the Ecumenical Temple.
 11098 | D:7      | Reached XP level 9. HP: 42/42 MP: 17/17
 11121 | Temple   | Entered the Ecumenical Temple
 11135 | Temple   | Became a worshipper of Dithmenos the Shadowed
 11971 | D:7      | Reached skill level 5 in Spellcasting
 12760 | D:8      | Reached skill level 14 in Stealth
 12998 | D:8      | Noticed a deep elf pyromancer
 13003 | D:8      | Killed a deep elf pyromancer
 13026 | D:8      | Learned a level 1 spell: Apportation
 13030 | D:8      | Learned a level 3 spell: Tukima's Dance
 13055 | D:8      | Reached skill level 15 in Stealth
 13228 | D:8      | Reached skill level 1 in Translocations
 13770 | D:9      | Reached * piety under Dithmenos
 14029 | D:9      | Noticed a komodo dragon
 14052 | D:9      | Found a basalt altar of Yredelemnul.
 14340 | D:9      | Killed a komodo dragon
 14475 | D:9      | Upgraded the game from 0.27-a0-1434-g6f15984924 to
                  | 0.27-a0-1442-g87b6fcb595
 14486 | D:9      | Reached XP level 10. HP: 46/46 MP: 15/20
 14758 | D:9      | Found a hide-covered altar of Uskayaw.
 15047 | D:9      | Found a staircase to the Lair.
 15108 | D:9      | Found a staircase to the Orcish Mines.
 15229 | D:9      | Killed from afar by an electric eel

Illustrated notes

Levels and vault maps discovered:
D:1:      roderic_crossed_star, layout_loops_cross, minmay_tromino_v4_c
D:2:      layout_basic, hellmonk_ecumenical_altar_heavens_door, st_stairs_11,
          uniq_jessica
D:3:      layout_loops_ring
D:4:      layout_loops_ring, overflow_temple_1_default, minmay_misc_feat_room,
          uniq_eustachio, uniq_blork_the_orc
D:5:      layout_basic, dk_noncrumbling_4, uniq_sigmund, uniq_ijyb
D:6:      layout_loops_ring, kennysheep_mini, minmay_shop_enchanted_jewellery,
          minmay_lizard_king, uniq_menkaure, uniq_crazy_yiuf_cottage
D:7:      layout_layer_cave, minmay_temple_entry_statues_fountains,
          minmay_curled_crystal
D:8:      layout_loops_cross
D:9:      layout_rooms, grunt_temple_overflow_open, david_lair_shrubbed,
          orc_0_dummy, serial_curves, eino_curves_01, eino_curves_01,
          eino_curves_02, kennysheep_boxes
Temple:   regret_index_temple_mists

Skill      XL: |  1  2  3  4  5  6  7  8  9 10 |
---------------+-------------------------------+-----
Hexes          | 4 5 6 7 8 9 |  9.6
Stealth        | 5 6 8 9 11 13 15 | 15.7
Dodging        | 3 4 |  4.9
Spellcasting   | 3 4 6 |  6.8
Fighting       | 1 |  1.9
Translocations | 2 3 |  3.7
Short Blades   | |  1.1
Ice Magic      | |  0.2
Evocations     | |  0.1

Action                   |  1- 3 |  4- 6 |  7- 9 | 10-12 || total
-------------------------+-------+-------+-------+-------++-------
Melee: Dagger            |   157 |    72 |   235 |    13 ||   477
 Cast: Corona            |     6 |       |       |       ||     6
       Ensorcelled Hiber |    41 |    48 |   108 |    18 ||   215
       Confusing Touch   |       |       |    22 |     3 ||    25
       Tukima's Dance    |       |       |     7 |     5 ||    12
Evoke: Wand              |       |       |     2 |       ||     2
  Use: Scroll            |       |       |     3 |       ||     3
       Potion            |       |       |       |     2 ||     2
 Stab: Sleeping          |    27 |    31 |    66 |     7 ||   131
       Confused          |       |       |    16 |       ||    16
Armor: Robe              |    21 |     3 |     4 |       ||    28
       Steam dragon scal |       |       |     8 |       ||     8
Dodge: Dodged            |   132 |    47 |   129 |    13 ||   321
Block: Other             |       |       |    20 |     3 ||    23
       Reflection        |       |       |     4 |       ||     4

Table legend: (Time is in decaauts)
 A = Elapsed time spent in this place.
 B = Non-inter-level travel time spent in this place.
 C = Inter-level travel time spent in this place.
 D = Time resting spent in this place.
 E = Time spent auto-exploring this place.
 F = Levels seen in this place.
 G = Mean time per level.
                   A        B        C        D        E       F      G
               +--------+--------+--------+--------+--------+-----+--------+
         Total |  11972 |  11777 |    195 |   2978 |   6750 |  10 | 1197.2 |
       Dungeon |  11813 |  11633 |    180 |   2978 |   6610 |   9 | 1312.6 |
        Temple |    158 |    143 |     15 |      0 |    140 |   1 |  158.0 |
               +--------+--------+--------+--------+--------+-----+--------+

Top non-repeatable levels by time:
     D:4: 1885 daAuts
     D:1: 1741 daAuts
     D:6: 1585 daAuts
     D:8: 1559 daAuts
     D:2: 1411 daAuts
     D:5: 1018 daAuts
     D:7: 978 daAuts
     D:9: 822 daAuts
     D:3: 811 daAuts
  Temple: 158 daAuts
